 Dungeon Crawl Stone Soup version 0.21.1-1-g345015fe64 (webtiles) character file.

530 Henning the Cudgeler (level 7, -1/68 HPs)
             Began as a Troll Berserker on June 12, 2018.
             Was a Believer of Trog.
             Slain by an orc
             ... wielding a +0 dagger of draining
              (3 damage)
             ... on level 5 of the Dungeon.
             The game lasted 00:20:12 (2925 turns).

Henning the Cudgeler (Troll Berserker)              Turns: 2925, Time: 00:20:15

Health: -1/68      AC:  5    Str: 27    XL:     7   Next: 3%
Magic:  6/6        EV: 11    Int:  3    God:    Trog [**....]
Gold:   227        SH:  0    Dex: 10    Spells: 6/6 levels left

rFire    . . .     SeeInvis .   a - +0 mace
rCold    . . .     Gourm    +   (no shield)
rNeg     . . .     Faith    +   s - +0 robe
rPois    .         Spirit   .   (helmet restricted)
rElec    .         Reflect  .   (no cloak)
rCorr    .         Harm     .   (gloves unavailable)
MR       .....                  (boots unavailable)
Stlth    +.........             p - amulet of faith
HPRegen  0.61/turn              (no ring)
MPRegen  0.10/turn              (no ring)

@: confused, drained
A: large, unfitting armour, claws 3, fast metabolism 3, gourmand, regeneration
1, shaggy fur 1, tough skin 2
a: Berserk, Trog's Hand, Burn Spellbooks, Renounce Religion


You were on level 5 of the Dungeon.
You worshipped Trog.
Trog was pleased with you.
You were very full.

You visited 1 branch of the dungeon, and saw 5 of its levels.

You collected 227 gold pieces.

Inventory:

Hand Weapons
 a - a +0 mace (weapon)
 o - a +0 scythe
 v - a +0 long sword
Missiles
 h - 66 bolts
 j - 40 arrows
 y - 3 tomahawks of returning (quivered)
Armour
 b - a +0 animal skin
 s - a +0 robe (worn)
Jewellery
 p - an amulet of faith (around neck)
Wands
 r - a wand of random effects (40)
Scrolls
 e - a scroll of magic mapping
 i - 2 scrolls of identify
 m - 2 scrolls of remove curse
Potions
 d - 4 potions of curing {unknown}
 f - a potion of agility {unknown}
 g - 3 potions of heal wounds {unknown}
 l - a potion of degeneration {unknown}
 q - 2 potions of invisibility {unknown}
 t - a potion of mutation {unknown}
 u - a potion of haste {unknown}
 x - a potion of ambrosia {unknown}
Comestibles
 c - 11 rations


   Skills:
 + Level 3.8(3.4) Fighting
 + Level 5.4(4.9) Maces & Flails
 + Level 3.9(3.4) Dodging
 + Level 0.3(0.0) Stealth


You had 6 spell levels left.
You didn't know any spells.

Dungeon Overview and Level Annotations

Branches:
Dungeon (5/15)
 Temple: D:4-7

Altars:
Ashenzari
Hepliaklqana
Ru
Trog
Vehumet


Innate Abilities, Weirdness & Mutations

You are too large for most types of armour.
You have claws for hands.
Your metabolism is lightning-fast.
You like to eat raw meat.
Your natural rate of healing is unusually fast.
You are covered in fur. (AC +1)
You have very tough skin. (AC +2)


Message History

You feel less confused. The orc hits you but does no damage.
You feel drained.
The orc wizard points at you and mumbles some strange words.
The magic dart hits you!
* * * LOW HITPOINT WARNING * * *
An orc wizard comes into view. It is wielding a dagger.
You feel yourself speed up.
The orc wizard shouts!
Something hits you.
* * * LOW HITPOINT WARNING * * *
The orc priest mumbles some strange prayers to Beogh against you.
Beogh smites you!
* * * LOW HITPOINT WARNING * * *
The orc wizard mumbles some strange words.
The orc wizard blinks!
You hear some strange, mumbled words.
You are confused.
The orc closely misses you.
The orc hits you with a dagger of draining.
You die...

*,,,,,........############
*,**<,...................#
*,**,*#..##.#.#.######....
*,**,*#..##.....######.#.# *
*,**,*#..##....#......<...
******#*,*#,*#..###....###.......
,,,,,,$...#.##..####.#.....##.#.#
*******#......){..##.#...........
* #%..o..§o@...........#.... *
##....o.....##............ *
#.#s#..o#..##.......#.... *
#,#.#..##..####...#.#.... *
******,#.#..##....,....#.###.# *
*,,,,,,.,#.o##...#######.# #.# *
*,****,#*#.......# *,**#.# * *,*
*,,,,..###...# *,,,.., * *,*
*,,***,,,....# ****#,*


You could see an orc priest, 2 orc wizards, 2 orcs and a giant cockroach.

Vanquished Creatures
  Sigmund (D:3)
  A centaur zombie (D:5)
  2 hounds (D:4)
  A centaur skeleton (D:4)
  An orc priest (D:5)
  Jessica (D:3)
  An iguana (D:4)
  An orc wizard (D:4)
  2 worker ants
  5 adders
  2 oozes (D:3)
  A worm (D:4)
  2 dart slugs
  3 leopard geckos
  3 orcs
  3 ball pythons
  A giant cockroach (D:1)
  2 goblins (D:1)
  A hobgoblin (D:2)
  2 quokkas
  4 bats
  5 frilled lizards
  3 kobolds
  4 rats
52 creatures vanquished.

Notes
Turn   | Place    | Note
-------+----------+-------------------------------------------
     0 | D:1      | Henning the Troll Berserker began the quest for the Orb.
     0 | D:1      | Reached XP level 1. HP: 22/22 MP: 0/0
   332 | D:2      | Reached XP level 2. HP: 29/29 MP: 1/1
   699 | D:1      | Reached skill level 3 in Maces & Flails
   817 | D:3      | Noticed Jessica
   835 | D:3      | Killed Jessica
   835 | D:3      | Reached XP level 3. HP: 32/36 MP: 2/2
   844 | D:3      | Found a hazy altar of Hepliaklqana.
   901 | D:2      | Found a bloodstained altar of Trog.
   901 | D:2      | Found a sacrificial altar of Ru.
  1071 | D:2      | Reached XP level 4. HP: 44/44 MP: 3/3
  1423 | D:3      | Noticed Sigmund
  1438 | D:3      | Killed Sigmund
  1438 | D:3      | Reached ** piety under Trog
  1438 | D:3      | Reached skill level 4 in Maces & Flails
  1438 | D:3      | Reached XP level 5. HP: 53/53 MP: 4/4
  1962 | D:4      | Reached XP level 6. HP: 40/61 MP: 5/5
  2094 | D:4      | Found a radiant altar of Vehumet.
  2292 | D:4      | Reached skill level 5 in Maces & Flails
  2387 | D:4      | Found a shattered altar of Ashenzari.
  2782 | D:5      | Entered Level 5 of the Dungeon
  2910 | D:5      | Reached XP level 7. HP: 42/68 MP: 6/6
  2925 | D:5      | HP: 2/68 [orc priest/divine providence (16)]
  2925 | D:5      | Slain by an orc

Skill      XL: |  1  2  3  4  5  6 |
---------------+-------------------+-----
Maces & Flails | 3 4 5 |  5.4
Dodging        | 3 |  3.9
Fighting       | 3 |  3.8
Stealth        | |  0.3

Action                   |  1- 3 |  4- 6 |  7- 9 || total
-------------------------+-------+-------+-------++-------
Melee: Mace              |    59 |   145 |     9 ||   213
Invok: Berserk           |       |     1 |       ||     1
       Burn Spellbooks   |       |     1 |       ||     1
  Use: Scroll            |       |     6 |       ||     6
  Eat: Chunk             |    15 |    17 |       ||    32
Armor: Animal skin       |    26 |     3 |       ||    29
       Robe              |       |    33 |    11 ||    44
Dodge: Dodged            |    47 |    92 |     6 ||   145
